 Dungeon Crawl Stone Soup version 0.29-a0-887-gcbe080d7e0 (webtiles) character file.

Game seed: 9922773721684265644

51 LynnLen the Sneak (level 3, -2/20 HPs)
             Began as a Vampire Enchanter on July 22, 2022.
             Slain by Natasha (8 damage)
             ... on level 2 of the Dungeon.
             The game lasted 00:03:41 (1848 turns).

LynnLen the Sneak (Vampire Enchanter)               Turns: 1848, Time: 00:03:41

Health: -2/20      AC:  4    Str:  7    XL:     3   Next: 58%
Magic:  6/6        EV: 12    Int: 17    God:
Gold:   118        SH:  0    Dex: 16    Spells: 0/6 levels left

rFire   . . .      SeeInvis +   a - +2 dagger
rCold   + + .      Faith    .   (no shield)
rNeg    + + +      Spirit   .   b - +0 robe
rPois   ∞          Reflect  .   (no helmet)
rElec   .          Harm     .   f - +1 cloak
rCorr   .          Rampage  .   (no gloves)
Will    .....                   (no boots)
Stlth   +++++.....              (no amulet)
HPRegen 0.00/turn               (no ring)
MPRegen 0.10/turn               (no ring)

@: bloodless, inhibited regen, invisible
A: bloodless, fangs 3, see invisible, vampiric 2
a: Bat Form, Revivify


You were on level 2 of the Dungeon.
You visited 1 branch of the dungeon, and saw 3 of its levels.

You collected 118 gold pieces.

Inventory:

Hand Weapons
 a - a +2 dagger (weapon)
Armour
 b - a +0 robe (worn)
 f - a +1 cloak (worn)
Scrolls
 d - a scroll of teleportation
Potions
 c - a potion of invisibility
 g - a potion of degeneration {unknown}
 i - a potion of heal wounds {unknown}


   Skills:
 * Level 1.1 Fighting
 * Level 1.6 Short Blades
 + Level 2.3 Dodging
 + Level 5.3 Stealth
 + Level 2.2 Spellcasting
 - Level 5.0 Hexes


You couldn't memorise any spells.
You knew the following spells:

 Your Spells              Type           Power      Damage    Failure   Level
a - Confusing Touch       Hex            18%        N/A       8%          3
b - Tukima's Dance        Hex            18%        N/A       8%          3

Your spell library contained the following spells:

 Spells                   Type           Power      Damage    Failure   Level
 Ensorcelled Hibernation  Hex/Ice        20%        N/A       11%         2
 Sandblast                Erth           2%         2d4       19%         1
 Dazzling Flash           Conj/Hex       20%        N/A       21%         3
 Passwall                 Tmut/Erth      0%         N/A       28%         2
 Stone Arrow              Conj/Erth      2%         3d7       50%         3


Dungeon Overview and Level Annotations

Branches:
Dungeon (3/15)

Altars:

Annotations:
D:2 Natasha


Innate Abilities, Weirdness & Mutations

You do not regenerate when monsters are visible.
You are frail without blood (-20% HP).
You can heal yourself when you bite living creatures.
You are immune to poison.
You have razor-sharp teeth.
You have supernaturally acute eyesight. (SInv)
You are afflicted with vampirism and can become a bat while bloodless.


Message History

There is a stone staircase leading down here.
You climb downwards.
There is a stone staircase leading up here.
The helpless giant cockroach fails to defend itself.
You impale the giant cockroach!!
You kill the giant cockroach!
A hobgoblin comes into view.
The helpless hobgoblin fails to defend itself.
You bite the hobgoblin, and draw its blood!
You impale the hobgoblin!!
You kill the hobgoblin!
There is a stone staircase leading up here.
The hobgoblin shouts!
You hear an angry hiss. x2
Natasha misses you.
You closely miss Natasha.
Natasha stares at you and mumbles some strange words.
The magic dart hits you! Natasha claws you but does no damage.
Natasha attacks as you move away! Natasha barely misses you.
There is a stone staircase leading up here.
You fade into invisibility!
Natasha claws you. The ball python completely misses you.
The ball python closely misses you. Natasha claws you but does no damage.
The hobgoblin closely misses you.
You climb upwards.
There is a stone staircase leading down here.
You strike the helpless hobgoblin from behind!
You bite the hobgoblin, and draw its blood!
You feel better.
You puncture the hobgoblin!
You kill the hobgoblin!
Natasha completely misses you. Natasha casts a spell at you.
The magic dart hits you.
* * * LOW HITPOINT WARNING * * *
You see here a hobgoblin corpse.
The ball python hisses angrily.
Natasha misses you.
There is a stone staircase leading down here.
You hit Natasha but do no damage. Your bite misses Natasha. Natasha claws you!
You die...

.......# #########.#####.#
.......# #.............#.#
.......####.#####.....#.#.#
..............###.#.#.#.#.#
.....#.####.#.........#.#.#
###########.########..#.#.#
..........#...........#.#.#
#....####.###########.#...#
...............†@S....#####
........#.#######h#####
.####.###.# #.# ..........#
#.# ..###.###########'##
......####.........#
..###..............#
#.###..............#
#..##......(.......#


You could see Natasha and a ball python (unable to see you).

Vanquished Creatures
  2 adders (D:2)
  5 ball pythons
  An endoplasm (D:1)
  3 giant cockroaches
  A goblin (D:2)
  4 hobgoblins
  2 quokkas (D:1)
  6 bats
  4 frilled lizards
  3 kobolds
  A rat (D:1)
32 creatures vanquished.

Notes
Turn   | Place    | Note
-------+----------+-------------------------------------------
     0 | D:1      | LynnLen the Vampire Enchanter began the quest for the Orb.
     0 | D:1      | Reached XP level 1. HP: 13/13 MP: 3/3
   378 | D:1      | Found a faded altar of an unknown god.
   425 | D:1      | Reached XP level 2. HP: 11/16 MP: 5/5
  1054 | D:2      | Reached skill level 5 in Hexes
  1100 | D:2      | Gained mutation: You are afflicted with vampirism and can
                  | become a bat while bloodless. [Vampire growth]
  1100 | D:2      | Reached XP level 3. HP: 20/20 MP: 6/6
  1104 | D:2      | Learned a level 3 spell: Confusing Touch
  1108 | D:2      | Learned a level 3 spell: Tukima's Dance
  1238 | D:2      | Reached skill level 1 in Fighting
  1284 | D:2      | Reached skill level 5 in Stealth
  1833 | D:3      | Noticed Natasha
  1848 | D:2      | Slain by Natasha

Illustrated notes

Levels and vault maps discovered:
D:1:      psy_arrival_terrarium, layout_basic,
          ebering_ecumenical_altar_sacrificial
D:2:      layout_basic
D:3:      layout_loops_ring, uniq_natasha

Skill      XL: |  1  2  3 |
---------------+----------+-----
Hexes          | 5 |  5.0
Fighting       | 1 |  1.1
Stealth        | 5 |  5.3
Short Blades   | |  1.6
Dodging        | |  2.3
Spellcasting   | |  2.2

Action                   || total
-------------------------++-------
Melee: Dagger            ||    63
       Bite              ||     3
       Punch             ||     1
 Abil: Exsanguinate      ||     1
  Use: Scroll            ||     6
       Potion            ||     1
 Stab: Sleeping          ||    15
       Invisible         ||     1
Armor: Robe              ||    20
Dodge: Dodged            ||    49

Table legend: (Time is in decaauts)
 A = Elapsed time spent in this place.
 B = Non-inter-level travel time spent in this place.
 C = Inter-level travel time spent in this place.
 D = Time resting spent in this place.
 E = Time spent auto-exploring this place.
 F = Levels seen in this place.
 G = Mean time per level.
                   A        B        C        D        E       F      G
               +--------+--------+--------+--------+--------+-----+--------+
         Total |   1844 |   1844 |      0 |      0 |   1277 |   3 |  614.7 |
       Dungeon |   1844 |   1844 |      0 |      0 |   1277 |   3 |  614.7 |
               +--------+--------+--------+--------+--------+-----+--------+

Top non-repeatable levels by time:
     D:1: 1045 daAuts
     D:2: 788 daAuts
     D:3: 10 daAuts
